AoeStats
← firestarter0708

Nomad

509720401Analyzed
2v2 RM · 6d ago on Sep 27, 2026· 36m 30s· 4 players
Game mode
Random Map
Map size
176×176
Population
200
Speed
Normal
Resources
Standard
Victory
Conquest
Starting age
Dark Age
Ending age
Imperial Age
RankedLock teamsTeams togetherTeam positionsShared explorationLock speedFull tech treeHidden civsTurbo modeCheats
Victory
Defeat
🇫🇷 Portuguese · France
1022
+15
🇫🇷 Wei · France
1020
+15
🇦🇹 Huns · Austria
1025
-17
🇩🇪 Franks · Germany
957
-13
firestarter0708
12:35 Loom
14:21 Feudal Age
15:45 Double-Bit Axe
15:42 Horse Collar
16:38 Bloodlines
16:46 Scale Barding Armor
16:52 Forging
17:15 Fletching
21:11 Padded Archer Armor
27:27 Castle Age
26:03 Wheelbarrow
25:14 Town Watch
25:27 Gold Mining
25:31 Stone Mining
28:13 Heavy Plow
28:25 Bow Saw
28:41 Chain Barding Armor
28:18 Bodkin Arrow
28:59 Iron Casting
27:55 Light Cavalry
29:01 Husbandry
29:39 Leather Archer Armor
30:28 Thumb Ring
30:37 Crossbowman
34:46 Gold Shaft Mining
35:36 Light Cavalry
drumm.magnus
14:28 Feudal Age
21:07 Castle Age
20:16 Double-Bit Axe
20:40 Scale Barding Armor
20:35 Scale Mail Armor
20:31 Gold Mining
20:59 Stone Mining
22:12 Forging
24:00 Husbandry
LOL Belier
2:51 Loom
16:18 Feudal Age
17:36 Wheelbarrow
16:48 Double-Bit Axe
17:13 Town Watch
20:52 Castle Age
19:28 Stone Mining
19:31 Gold Mining
22:31 Stone Shaft Mining
25:30 Fishing Lines
25:49 Fletching
27:27 Forging
27:17 Scale Mail Armor
27:13 Bodkin Arrow
29:23 Pikeman
33:37 Horse Collar
34:14 Medium Warships
33:56 Gillnets
RCL Belier
2:47 Loom
5:49 Loom
14:01 Feudal Age
14:36 Horse Collar
14:47 Double-Bit Axe
15:04 Gold Mining
15:56 Wheelbarrow
15:34 Stone Mining
15:37 Fishing Lines
21:29 Castle Age
20:39 Forging
21:28 Scale Barding Armor
22:08 Bloodlines
23:15 Hand Cart
24:50 Husbandry
28:51 Chain Barding Armor
29:07 Iron Casting
29:47 Heavy Plow
31:33 Bow Saw
32:01 Gold Shaft Mining
32:50 Town Watch
33:50 Stone Shaft Mining
Connection lost

Rejoining the realm…

Still unreachable

The connection could not be restored.

Session expired

The server has moved on; the page needs a fresh start.